 Dungeon Crawl Stone Soup version 0.18-a0-1071-g9f02aef (console) character file.

266 FIQ the Insei (level 6, -3/32 HPs)
             Began as a Vine Stalker Transmuter on Jan 14, 2016.
             Slain by an orc warrior
             ... wielding a +0 broad axe
              (13 damage)
             ... on level 4 of the Dungeon.
             The game lasted 00:10:54 (2760 turns).

FIQ the Insei (Vine Stalker Transmuter)             Turns: 2760, Time: 00:10:54

Health: -3/32      AC:  4    Str: 19    XL:     6   Next: 20%
Magic:  0/11       EV: 18    Int: 13    God:
Gold:   109        SH:  0    Dex: 15    Spells: 1 memorised, 10 levels left

rFire  . . .     SeeInvis .       - Unarmed
rCold  + . .     Gourm    .     b - +0 robe
rNeg   . . .     Faith    .     (no shield)
rPois  .         Spirit   +     (helmet restricted)
rElec  .         Dismiss  .     l - +0 cloak
rCorr  .         Reflect  .     (no gloves)
SustAt .         Harm     .     m - +0 pair of boots
MR     .....                    (no amulet)
Stlth  +.........               n - +5 ring of evasion
                                p - +5 ring of strength

@: not resistant to hostile enchantments, very unstealthy
A: antennae 1, fangs 2, cold resistance 1, dopey 1, regeneration 2, strong 1,
magic shield, antimagic bite, no device heal 3, rot immunity
a: no special abilities


You were on level 4 of the Dungeon.
You were not hungry.

You visited 1 branch of the dungeon, and saw 4 of its levels.

You collected 109 gold pieces.

Inventory:

Armour
 b - a +0 robe (worn)
 l - a +0 cloak (worn)
 m - a +0 pair of boots (worn)
Jewellery
 n - a +5 ring of evasion (right hand)
 p - a +5 ring of strength (left hand)
Scrolls
 e - a scroll of immolation {unknown}
 f - 2 scrolls of identify
 h - a scroll of recharging {unknown}
 i - 2 scrolls of teleportation {unknown}
 j - a scroll of remove curse {unknown}
 o - 2 scrolls of amnesia {unknown}
 q - a scroll of blinking {unknown}
 r - a scroll of magic mapping {unknown}
 v - a scroll of enchant armour {unknown}
 x - a scroll of noise {unknown}
Potions
 a - a potion of magic {unknown}
 g - a potion of haste
 s - a potion of flight
 u - a potion of curing
 w - a potion of might
Books
 c - a book of Changes

   Spells                             Type                      Level
   a - Beastly Appendage              Transmutation                1
   b - Sticks to Snakes               Transmutation                2
   c - Spider Form                    Transmutation/Poison         3
   d - Ice Form                       Ice/Transmutation            4
   e - Blade Hands                    Transmutation                5
Comestibles
 d - a bread ration
 k - 2 beef jerkies
 t - 3 chunks of flesh


   Skills:
 + Level 2.4 Fighting
 + Level 2.6 Dodging
 + Level 4.1 Unarmed Combat
 + Level 3.2 Spellcasting
 + Level 3.2 Transmutations


You had 10 spell levels left.
You knew the following spells:

 Your Spells              Type           Power        Failure   Level  Hunger
a - Beastly Appendage     Trmt           ##....       8%          1    #......


Dungeon Overview and Level Annotations

Branches:
Dungeon (4/15)
 Temple: D:4-7

Altars:
Pakellas


Innate Abilities, Weirdness & Mutations

You have extremely sharp teeth.
You heal very quickly.
When hurt, damage is shared between your health and your magic reserves.
Your bite disrupts and absorbs the magic of your enemies.
Potions and wands cannot restore your health.
You are immune to rotting.
You have a pair of small antennae on your head.
Your flesh is cold resistant.
You are dopey. (Int -2)
Your muscles are strong. (Str +2)


Message History

You barely miss the orc warrior. Your bite misses the orc warrior.
The orc warrior is moderately wounded.
The orc warrior closely misses you.
You closely miss the orc warrior.
The orc warrior is lightly wounded.
You barely miss the orc warrior. Your bite misses the orc warrior.
The orc warrior is lightly wounded.
The orc warrior misses you.
You barely miss the orc warrior.
The orc warrior is lightly wounded.
The orc warrior misses you.
You closely miss the orc warrior. Your bite misses the orc warrior.
The orc warrior is lightly wounded.
You hit the orc warrior. Your bite misses the orc warrior.
The orc warrior is moderately wounded.
The orc warrior completely misses you.
You barely miss the orc warrior. Your bite misses the orc warrior.
The orc warrior is moderately wounded.
The orc warrior hits you with a broad axe!!
You die...

##.# ..# #.# ##.###
# #.o..# ####
#.###..#.# ....
##....?.#o####..#.##
.....?...ooo@.......
...(....##o##...#.##
..###.#.##.##...#
#.#.........# #
#<##.##...#
#.....#...#
####..#.#..
...#...## #


You could see an orc warrior and 4 orcs.

Vanquished Creatures
  A centaur zombie (D:3)
  2 orc wizards (D:3)
  6 adders
  4 gnolls (D:3)
  2 worms
  3 giant geckos (D:1)
  8 orcs (D:3)
  12 goblins
  8 hobgoblins
  2 quokkas
  7 bats
  A giant newt (D:3)
  10 kobolds
  5 rats
71 creatures vanquished.

Notes
Turn   | Place    | Note
--------------------------------------------------------------
     0 | D:1      | FIQ the Vine Stalker Transmuter began the quest for the Orb.
     0 | D:1      | Reached XP level 1. HP: 9/9 MP: 4/4
   179 | D:1      | Reached skill level 1 in Fighting
   262 | D:1      | Reached XP level 2. HP: 14/14 MP: 6/6
   496 | D:1      | Reached XP level 3. HP: 12/18 MP: 7/7
  1128 | D:2      | Reached XP level 4. HP: 22/22 MP: 6/8
  1649 | D:3      | Reached XP level 5. HP: 11/26 MP: 10/10
  1850 | D:3      | Reached skill level 4 in Unarmed Combat
  2060 | D:3      | Gained mutation: Your muscles are strong. (Str +2) [potion of beneficial mutation]
  2138 | D:3      | Gained mutation: You heal very quickly. [Vine Stalker growth]
  2138 | D:3      | Reached XP level 6. HP: 28/31 MP: 11/11
  2431 | D:3      | Found an oddly glowing altar of Pakellas.
  2466 | D:3      | Gained mutation: Your flesh is cold resistant. [potion of mutation]
  2467 | D:3      | Gained mutation: You have a pair of small antennae on your head. [potion of mutation]
  2467 | D:3      | Gained mutation: You are dopey. (Int -2) [potion of mutation]
  2725 | D:4      | Noticed an orc warrior
  2760 | D:4      | Slain by an orc warrior

Vault maps used:
D:1:      evilmike_arrival_hilbert_curve, minmay_distorted
D:3:      grunt_pakellas_basics
D:4:      kiku_gazebo_pond_becter, minitemple, cheibriados_altar_1, first_bread

Action                   |  1- 3 |  4- 6 || total
-------------------------+-------+-------++-------
Melee: Unarmed           |    99 |   167 ||   266
 Cast: Beastly Appendage |    17 |    17 ||    34
  Use: Potion            |       |     6 ||     6
       Scroll            |       |     4 ||     4
 Stab: Sleeping          |     1 |     2 ||     3
       Distracted        |       |     1 ||     1
  Eat: Chunk             |     1 |     6 ||     7
